 Dungeon Crawl Stone Soup version 0.25-a0-108-gda8bd6cf83 (webtiles) character file.

Game seed: 823523584574399077, levelgen mode: deterministic

63 Ijustatesigmund the Shield-Bearer (level 4, -2/41 HPs)
             Began as a Gnoll Fighter on Nov 18, 2019.
             Slain by a quokka (3 damage)
             ... on level 3 of the Dungeon.
             The game lasted 00:03:25 (1823 turns).

Ijustatesigmund the Shield-Bearer (Gnoll Fighter)   Turns: 1823, Time: 00:03:26

Health: -2/41      AC: 12    Str: 18    XL:     4   Next: 9%
Magic:  5/5        EV:  5    Int: 12    God:
Gold:   36         SH: 10    Dex: 14    Spells: 5/5 levels left

rFire    . . .     SeeInvis .   a - +0 flail
rCold    . . .     Gourm    .   c - +0 shield
rNeg     . . .     Faith    .   b - +1 chain mail
rPois    .         Spirit   .   (no helmet)
rElec    .         Reflect  .   (no cloak)
rCorr    .         Harm     .   j - +0 pair of gloves
MR       +....     Rnd*Rage +   (no boots)
Stlth    ..........             (no amulet)
HPRegen  0.13/turn              m - ring of flight
MPRegen  0.09/turn              (no ring)

@: heavily drained
A: distributed training, fangs 1, talons 1, berserk 1, magic resistance 1,
strong nose
a: Evoke Flight


You were on level 3 of the Dungeon.
You were not hungry.

You visited 1 branch of the dungeon, and saw 3 of its levels.

You collected 36 gold pieces.

Inventory:

Hand Weapons
 a - a +0 flail (weapon)
Armour
 b - a +1 chain mail (worn)
 c - a +0 shield (worn)
 j - a +0 pair of gloves (worn)
Jewellery
 g - an uncursed ring of ice
 m - a ring of flight (left hand)
Scrolls
 e - a scroll of amnesia
Potions
 d - 3 potions of might
 h - a potion of cancellation
Comestibles
 f - 5 rations


   Skills:
 + Level 6.5(5.3) Fighting
 + Level 1.0(0.0) Short Blades
 + Level 1.0(0.0) Long Blades
 + Level 1.0(0.0) Axes
 + Level 4.6(3.4) Maces & Flails
 + Level 1.0(0.0) Polearms
 + Level 1.0(0.0) Staves
 + Level 1.0(0.0) Slings
 + Level 1.0(0.0) Bows
 + Level 1.0(0.0) Crossbows
 + Level 1.0(0.0) Throwing
 + Level 6.5(5.3) Armour
 + Level 1.0(0.0) Dodging
 + Level 1.0(0.0) Stealth
 + Level 6.5(5.3) Shields
 + Level 1.0(0.0) Unarmed Combat
 + Level 1.0(0.0) Spellcasting
 + Level 0.7(0.0) Conjurations
 + Level 0.7(0.0) Hexes
 + Level 0.7(0.0) Charms
 + Level 0.7(0.0) Summonings
 + Level 0.7(0.0) Necromancy
 + Level 0.7(0.0) Translocations
 + Level 0.7(0.0) Transmutations
 + Level 0.7(0.0) Fire Magic
 + Level 0.7(0.0) Ice Magic
 + Level 0.7(0.0) Air Magic
 + Level 0.7(0.0) Earth Magic
 + Level 0.7(0.0) Poison Magic
 + Level 1.1(0.0) Invocations
 + Level 1.0(0.0) Evocations


You had 5 spell levels left.
You didn't know any spells.
Your spell library was empty.

Dungeon Overview and Level Annotations

Branches:
Dungeon (3/15)

Altars:
Ashenzari


Innate Abilities, Weirdness & Mutations

Your experience applies equally to all skills.
You have very sharp teeth.
Your uncanny sense of smell can sniff out nearby items.
You have sharp toenails.
You tend to lose your temper in combat.
You are resistant to hostile enchantments. (MR+)


Message History

You barely miss the leopard gecko. Your kick misses the leopard gecko.
The leopard gecko bites you.
The quokka bites you but does no damage.
The quokka bites you.
The leopard gecko bites you but does no damage.
You closely miss the quokka. You block the leopard gecko's attack.
The quokka bites you but does no damage.
You closely miss the quokka. Your kick misses the quokka.
You bite the quokka, but do no damage. You block the leopard gecko's attack.
The quokka bites you.
* * * LOW HITPOINT WARNING * * *
The orc priest invokes the aid of Beogh against you.
Beogh smites you!
* * * LOW HITPOINT WARNING * * *
The leopard gecko bites you but does no damage.
The quokka bites you but does no damage.
Okay, then.
Okay, then.
You block the leopard gecko's attack. The quokka bites you.
You die...

......#.#####
......#.# ...(.
#.## ..... #..#
###. ∆##o# ##
#K# # #o#
#####.##l#
.......@.#
........r#
............%...
................
........##......
......... .(..!.
........# ......
........# #####
#######


You could see 2 orcs, a leopard gecko, a quokka and a kobold.

Vanquished Creatures
  An adder (D:2)
  An ooze (D:2)
  2 worms (D:2)
  An orc (D:3)
  4 bats
  3 giant cockroaches
  5 goblins
  4 hobgoblins
  3 jackals (D:3)
  6 kobolds
  A quokka (D:3)
  5 frilled lizards
  6 rats
42 creatures vanquished.

Notes
Turn   | Place    | Note
-------+----------+-------------------------------------------
     0 | D:1      | Ijustatesigmund the Gnoll Fighter began the quest for the
                  | Orb.
     0 | D:1      | Reached XP level 1. HP: 23/23 MP: 1/1
   188 | D:1      | Reached XP level 2. HP: 22/29 MP: 2/2
   965 | D:2      | Reached XP level 3. HP: 35/35 MP: 3/3
  1153 | D:2      | Reached skill level 1 in Invocations
  1305 | D:2      | Found a shattered altar of Ashenzari.
  1760 | D:3      | Gained mutation: You are resistant to hostile enchantments.
                  | (MR+) [potion of mutation]
  1760 | D:3      | Gained mutation: You tend to lose your temper in combat.
                  | [potion of mutation]
  1760 | D:3      | Gained mutation: You have sharp toenails. [potion of
                  | mutation]
  1762 | D:3      | Reached skill level 1 in Short Blades
  1762 | D:3      | Reached skill level 1 in Long Blades
  1762 | D:3      | Reached skill level 1 in Axes
  1762 | D:3      | Reached skill level 1 in Polearms
  1762 | D:3      | Reached skill level 1 in Staves
  1762 | D:3      | Reached skill level 1 in Slings
  1762 | D:3      | Reached skill level 1 in Bows
  1762 | D:3      | Reached skill level 1 in Crossbows
  1762 | D:3      | Reached skill level 1 in Throwing
  1762 | D:3      | Reached skill level 1 in Dodging
  1762 | D:3      | Reached skill level 1 in Stealth
  1762 | D:3      | Reached skill level 1 in Unarmed Combat
  1762 | D:3      | Reached skill level 1 in Spellcasting
  1762 | D:3      | Reached skill level 1 in Evocations
  1770 | D:3      | Reached XP level 4. HP: 15/41 MP: 5/5
  1822 | D:3      | HP: 1/41 [orc priest/divine providence (10)]
  1823 | D:3      | Slain by a quokka

Levels and vault maps discovered:
D:1:      minmay_arrival_split_and_join, layout_basic
D:2:      lemuel_upstairs_altar, layout_loops_ring, evilmike_ruin_ashenzari
D:3:      layout_rooms, portal_sewer_entry_d, first_ration

Skill      XL: |  1  2  3 |
---------------+----------+-----
Invocations    | 1 |  1.1
Short Blades   | 1 |  1.0
Long Blades    | 1 |  1.0
Axes           | 1 |  1.0
Polearms       | 1 |  1.0
Staves         | 1 |  1.0
Slings         | 1 |  1.0
Bows           | 1 |  1.0
Crossbows      | 1 |  1.0
Throwing       | 1 |  1.0
Dodging        | 1 |  1.0
Stealth        | 1 |  1.0
Unarmed Combat | 1 |  1.0
Spellcasting   | 1 |  1.0
Evocations     | 1 |  1.0
Fighting       | |  6.5
Maces & Flails | |  4.6
Armour         | |  6.5
Shields        | |  6.5
Conjurations   | |  0.7
Hexes          | |  0.7
Charms         | |  0.7
Summonings     | |  0.7
Necromancy     | |  0.7
Translocations | |  0.7
Transmutations | |  0.7
Fire Magic     | |  0.7
Ice Magic      | |  0.7
Air Magic      | |  0.7
Earth Magic    | |  0.7
Poison Magic   | |  0.7

Action                   |  1- 3 |  4- 6 || total
-------------------------+-------+-------++-------
Melee: Flail             |    88 |    11 ||    99
       Bite              |    13 |     1 ||    14
       Kick              |     3 |     2 ||     5
  Use: Scroll            |     4 |     1 ||     5
       Potion            |     4 |       ||     4
  Eat: Ration            |     1 |       ||     1
       Chunk             |     1 |       ||     1
Armor: Scale mail        |     7 |       ||     7
       Chain mail        |    37 |    13 ||    50
Dodge: Dodged            |    16 |     2 ||    18
Block: Shield            |    61 |    13 ||    74

Table legend:
 A = Non-vault XP
 B = Vault XP
 C = Vault XP percentage of total XP
 D = Non-vault monster count
 E = Vault monster count
 F = Vault count percentage of total count
                 A         B        C        D         E       F
            +---------+---------+-------+---------+---------+-------
      Total |      90 |       0 |   0.0 |      42 |       0 |   0.0
            +---------+---------+-------+---------+---------+-------
        D:1 |      24 |       0 |   0.0 |      17 |       0 |   0.0
        D:2 |      45 |       0 |   0.0 |      14 |       0 |   0.0
        D:3 |      21 |       0 |   0.0 |      11 |       0 |   0.0
            +---------+---------+-------+---------+---------+-------
